 Dungeon Sprint DCSS version 0.31-a0-596-g831eee08f1 (webtiles) character file.

Game seed: 14207683694485533001

9251 sircluck the Imperceptible (level 11, -3/47 HPs)
             Began as a Spriggan Enchanter on Aug 20, 2023.
             Was the Champion of Dithmenos.
             Slain by a hog (6 damage)
             ... in the Dungeon (Sprint I: "Red Sonja").
             The game lasted 00:09:44 (902 turns).

sircluck the Imperceptible (Spriggan Enchanter)      Turns: 902, Time: 00:09:45

Health: -3/47      AC:  3    Str:  4    XL:     11   Next: 20%
Magic:  28/28      EV: 16    Int: 17    God:    Dithmenos [******]
Gold:   991        SH:  0    Dex: 20    Spells: 30/35 levels left

rFire   . . .        a - +1 dagger
rCold   . . .        (no shield)
rNeg    . . .        p - +0 troll leather armour
rPois   .            (helmet restricted)
rElec   .            (no cloak)
rCorr   .            (gloves unavailable)
SInv    +            (boots unavailable)
Will    +....        (no amulet) Stlth ********++
                     (no ring)
HPRegen 1.07/turn    (no ring)
MPRegen 0.21/turn

%: no teleportation
@: wreathed by umbra, very quick
A: very small, no large weapons, unfitting armour, see invisible, speed 3
a: Renounce Religion, Shadow Step, Shadow Form


You were in the Dungeon.
You worshipped Dithmenos.
Dithmenos was exalted by your worship.
You visited 1 branch You collected 1192 gold pieces.
You spent 201 gold pieces at shops.

Inventory:

Hand Weapons
 a - a +1 dagger (weapon)
 s - a +0 orcbow
Missiles
 j - 17 stones
 m - 3 curare-tipped darts (quivered)
 r - 6 darts of dispersal
Armour
 b - a +0 robe
 p - a +0 troll leather armour (worn)
 t - a +2 robe of fire resistance
Wands
 h - a wand of acid (2)
 u - a wand of paralysis (8)
Scrolls
 k - a scroll of fog {unknown}
 l - 2 scrolls of identify {unknown}
 n - a scroll of immolation {unknown}
 v - a scroll of revelation
Potions
 c - a potion of invisibility
 d - 4 potions of curing
 f - a potion of haste
 g - 2 potions of magic
 o - 2 potions of brilliance {unknown}
 q - 2 potions of enlightenment {unknown}
Miscellaneous
 e - a lightning rod (4/4)


   Skills:
 + Level 11.6 Short Blades
 - Level 2.6 Dodging
 * Level 26.6 Stealth
 + Level 12.8 Spellcasting
 * Level 18.0 Hexes


You had 30 spell levels left.
You knew the following spells:

 Your Spells              Type           Power      Damage    Failure   Level
a - Ensorcelled Hibernat  Hex/Ice        82%        N/A       1%          2
b - Confusing Touch       Hex            64%        N/A       1%          3

Your spell library contained the following spells:

 Spells                   Type           Power      Damage    Failure   Level
 Dazzling Flash           Conj/Hex       82%        N/A       1%          3
 Inner Flame              Hex/Fire       41%        N/A       1%          3
 Tukima's Dance           Hex            64%        N/A       1%          3
 Enfeeble                 Hex            32%        N/A       6%          7
 Yara's Violent Unravell  Hex/Tmut       20%        3d9       8%          5


Dungeon Overview and Level Annotations

Branches:
Dungeon (1/1)

Altars:
Cheibriados
Dithmenos
Elyvilon
Fedhas
Gozag
Hepliaklqana
Kikubaaqudgha
Makhleb
Nemelex Xobeh
Okawaru
Qazlal
Ru
Sif Muna
Trog
Uskayaw
Vehumet
Wu Jian
Xom
Yredelemnul
Zin
The Shining One
Jiyva
Lugonu

Shops:
D *(!=[(*[*!=!?**[?


Innate Abilities, Weirdness & Mutations

You are very small and have problems with some larger weapons.
You are too small for most types of armour.
You have supernaturally acute eyesight. (SInv)
You cover ground extremely quickly. (Speed+++)


Message History

Dithmenos accepts your kill.
Your Hexes skill increases to level 18!
The hog bites you.
You emit a cloud of dark smoke.
There is an open door here.
You see here the +0 kite shield of Focs {rN+ Int+5}.
You hit the hog.
The hog is lightly wounded.
Your shadow hits the hog with a dagger. The hog bites you.
You closely miss the hog.
The hog is lightly wounded.
Your shadow hits the hog with a dagger. You closely miss the hog.
The hog is moderately wounded.
Your shadow barely misses the hog.
The hog closely misses you. The hog bites you.
There is an open door, spattered with blood here.
You hit the hog.
The hog is moderately wounded.
The hog bites you but does no damage. The hog closely misses you.
You closely miss the hog.
The hog is moderately wounded.
Your shadow hits the hog but does no damage.
The hog misses you.
You closely miss the hog.
The hog is moderately wounded.
The hog closely misses you. The hog bites you!
* * * LOW HITPOINT WARNING * * *
You emit a cloud of dark smoke.
You hit the hog.
The hog is heavily wounded.
Your shadow hits the hog with a dagger. The hog bites you.
* * * LOW HITPOINT WARNING * * *
The hog completely misses you.
Blink to where?
Press: ? - help, Q - select action, (/) - cycle Dir - move target
As you read the scroll of blinking, it crumbles to dust.
The hog misses you. The hog bites you.
* * * LOW HITPOINT WARNING * * *
The hog attacks as it pursues you! The hog bites you.
You die...

################################*
.#.)'..#__#..'..)#§§#.§§§h§hhh§h+
)'..#..'..'..#..§##h#§####§h.§h#*
'#####'#__####§§@hh§#§#,*##h.h##*
.#...#§####§)#####§§§§#+*,*##+#,,
##..##§#§~§§§#..##+####,,,*,*,**,
_##'#_.'§~~.§§..#,,,,,*,,,***,,**
..'..._#§~~.÷#..#,,,,,+,,,,,**,*,
_##_.#'##§#####'###,,,*,,,,,*,,**
_###'#.#.[..###.§§#...###++**,**,
####.####'###.###§#..###.,***,,*+
..'...'..÷..'.∩##.#..####,,***,,,


You could see 2 hogs.

Vanquished Creatures
  2 centaur warriors (D)
  4 demonic crawlers (D)
  Sonja (D)
  A deep troll (D)
  A lindwurm (D)
  An oklob plant (D)
  2 unseen horrors (D)
  2 kobold demonologists (D)
  A hornet (D)
  A slime creature (D)
  Sigmund (D)
  A yak (D)
  8 hogs (D)
  2 redbacks (D)
  2 floating eyes (D)
  An ogre (D)
  7 necrophages (D)
  8 jellies (D)
  Ijyb (D)
  A ballistomycete spore (D)
48 creatures vanquished.

Vanquished Creatures (others)
  A ballistomycete spore (D)
1 creature vanquished.

Grand Total: 49 creatures vanquished

Notes
Turn   | Place    | Note
-------+----------+-------------------------------------------
     0 | D        | sircluck the Spriggan Enchanter began the quest for the
                  | Orb.
     0 | D        | Reached XP level 1. HP: 9/9 MP: 5/5
     1 | D        | Noticed Ijyb
    11 | D        | Killed Ijyb
    12 | D        | Reached skill level 10 in Stealth
    12 | D        | Reached XP level 2. HP: 4/13 MP: 6/6
    58 | D        | Learned a level 2 spell: Ensorcelled Hibernation
    58 | D        | Noticed an ogre
    61 | D        | Killed an ogre
    62 | D        | Reached skill level 14 in Stealth
    62 | D        | Reached XP level 3. HP: 16/16 MP: 8/8
    62 | D        | Reached XP level 4. HP: 21/21 MP: 9/9
    72 | D        | Noticed Sigmund
    78 | D        | Killed Sigmund
    79 | D        | Reached skill level 18 in Stealth
    79 | D        | Reached XP level 5. HP: 14/24 MP: 5/10
   128 | D        | Found an ornate altar of the Wu Jian Council.
   128 | D        | Found a shimmering blue altar of Sif Muna.
   130 | D        | Found a radiant altar of Vehumet.
   135 | D        | Reached skill level 19 in Stealth
   135 | D        | Reached XP level 6. HP: 28/28 MP: 11/11
   169 | D        | Found Lixi's Antique Weapon Emporium.
   169 | D        | Found an ancient bone altar of Kikubaaqudgha.
   169 | D        | Found a hazy altar of Hepliaklqana.
   169 | D        | Found a hide-covered altar of Uskayaw.
   169 | D        | Found a basalt altar of Yredelemnul.
   169 | D        | Found an opulent altar of Gozag.
   169 | D        | Found a snail-covered altar of Cheibriados.
   169 | D        | Found a sacrificial altar of Ru.
   169 | D        | Found a shadowy altar of Dithmenos.
   169 | D        | Noticed a yak
   170 | D        | Found a stormy altar of Qazlal.
   170 | D        | Found a blossoming altar of Fedhas.
   170 | D        | Found a bloodstained altar of Trog.
   170 | D        | Found an iron altar of Okawaru.
   170 | D        | Found a glowing golden altar of the Shining One.
   170 | D        | Found a glowing silver altar of Zin.
   170 | D        | Found a white marble altar of Elyvilon.
   171 | D        | Killed a yak
   172 | D        | Found a sparkling altar of Nemelex Xobeh.
   180 | D        | Became a worshipper of Dithmenos the Shadowed
   189 | D        | Noticed Sonja
   193 | D        | Killed Sonja
   194 | D        | Reached skill level 20 in Stealth
   194 | D        | Reached skill level 10 in Hexes
   194 | D        | Reached XP level 7. HP: 32/32 MP: 12/18
   259 | D        | Noticed a deep troll
   263 | D        | Killed a deep troll
   264 | D        | Reached XP level 8. HP: 36/36 MP: 19/21
   278 | D        | Found Retifod's Armour Emporium.
   323 | D        | Found Laehiv's General Store.
   350 | D        | Found a burning altar of Makhleb.
   350 | D        | Found a viscous altar of Jiyva.
   350 | D        | Found a shimmering altar of Xom.
   350 | D        | Found a corrupted altar of Lugonu.
   350 | D        | Noticed a slime creature
   353 | D        | Killed a slime creature
   353 | D        | Reached * piety under Dithmenos
   354 | D        | Reached skill level 21 in Stealth
   366 | D        | Noticed a kobold demonologist
   367 | D        | Noticed a kobold demonologist
   369 | D        | Killed a kobold demonologist
   371 | D        | Reached XP level 9. HP: 39/39 MP: 21/23
   372 | D        | Killed a kobold demonologist
   372 | D        | Reached ** piety under Dithmenos
   373 | D        | Reached skill level 22 in Stealth
   397 | D        | Noticed a centaur warrior
   397 | D        | Noticed a centaur warrior
   399 | D        | Killed a centaur warrior
   400 | D        | Killed a centaur warrior
   401 | D        | Reached skill level 23 in Stealth
   401 | D        | Reached skill level 10 in Spellcasting
   422 | D        | Noticed an oklob plant
   424 | D        | Killed an oklob plant
   424 | D        | Reached *** piety under Dithmenos
   425 | D        | Reached XP level 10. HP: 44/44 MP: 25/25
   434 | D        | Reached skill level 15 in Hexes
   437 | D        | Reached skill level 24 in Stealth
   460 | D        | Reached **** piety under Dithmenos
   593 | D        | Reached ***** piety under Dithmenos
   594 | D        | Reached skill level 10 in Short Blades
   604 | D        | Found Uskiorph's Assorted Antiques.
   604 | D        | Found Vant's Jewellery Shoppe.
   668 | D        | Found Giur's Antique Armour Boutique.
   668 | D        | Found Nath's Assorted Antiques.
   669 | D        | Found Ikonof's Magic Scroll Emporium.
   688 | D        | Reached ****** piety under Dithmenos
   704 | D        | Found Xoalaar's Distillery.
   706 | D        | Found Ejokla's Antique Weapon Emporium.
   706 | D        | Found Dadoad's General Store.
   706 | D        | Found Pauploiv's Antique Armour Shoppe.
   706 | D        | Found Ulej's Assorted Antiques.
   706 | D        | Found Bejuuh's Distillery.
   706 | D        | Found Jathro Xunael's Jewellery Shop.
   706 | D        | Found Fokaulil's Distillery.
   710 | D        | Found Kyanufil's Magic Scroll Boutique.
   714 | D        | Bought a runed wooden wand for 96 gold pieces
   718 | D        | Bought a scroll of revelation for 105 gold pieces
   732 | D        | Noticed a fire giant
   732 | D        | Noticed a fire giant
   732 | D        | Noticed a fire giant
   732 | D        | Noticed a fire giant
   782 | D        | Noticed a demonic crawler
   782 | D        | Noticed a demonic crawler
   782 | D        | Noticed a demonic crawler
   782 | D        | Noticed a demonic crawler
   784 | D        | Killed a demonic crawler
   785 | D        | Reached skill level 25 in Stealth
   786 | D        | Killed a demonic crawler
   787 | D        | Killed a demonic crawler
   788 | D        | Killed a demonic crawler
   789 | D        | Reached skill level 26 in Stealth
   789 | D        | Reached XP level 11. HP: 47/47 MP: 26/28
   792 | D        | Identified the +0 kite shield of Focs {rN+ Int+5}
   805 | D        | Noticed a lindwurm
   808 | D        | Killed a lindwurm
   869 | D        | Learned a level 3 spell: Confusing Touch
   901 | D        | HP: 2/47 [hog (3)]
   902 | D        | Slain by a hog

Illustrated notes

Levels and vault maps discovered:
D:        dungeon_sprint_1 [red_sonja_temple_1, red_sonja_temple_small_1]

Skill      XL: |  1  2  3  4  5  6  7  8  9 10 11 |
---------------+----------------------------------+-----
Stealth        | 10 14 18 19 20 21 23 26 | 26.6
Spellcasting   | 3 7 8 9 10 12 | 12.8
Hexes          | 4 10 11 12 14 17 18 | 18.0
Short Blades   | 6 7 9 11 | 11.6
Dodging        | |  2.6

Action                     |  1- 3 |  4- 6 |  7- 9 | 10-12 || total
---------------------------+-------+-------+-------+-------++-------
  Melee: Dagger            |     8 |     5 |     9 |   125 ||   147
  Throw: Stone             |       |       |     1 |       ||     1
   Cast: Ensorcelled Hiber |       |     2 |       |     1 ||     3
  Evoke: Wand              |       |       |       |     3 ||     3
         Lightning rod     |       |       |       |     1 ||     1
    Use: Potion            |     1 |       |       |     3 ||     4
         Scroll            |       |       |       |     2 ||     2
   Stab: Sleeping          |     1 |     4 |     9 |    18 ||    32
         Invisible         |       |       |       |     2 ||     2
         Distracted        |       |       |       |     1 ||     1
         Paralysed         |       |       |       |     1 ||     1
 Armour: Troll leather arm |       |       |       |     5 ||     5
  Dodge: Dodged            |     3 |     1 |       |    65 ||    69

Table legend: (Time is in decaauts)
 A = Elapsed time spent in this place.
 B = Non-inter-level travel time spent in this place.
 C = Inter-level travel time spent in this place.
 D = Time resting spent in this place.
 E = Time spent auto-exploring this place.
 F = Levels seen in this place.
 G = Mean time per level.
                   A        B        C        D        E       F      G
               +--------+--------+--------+--------+--------+-----+--------+
         Total |    673 |    571 |    102 |    171 |     41 |   1 |  673.0 |
       Dungeon |    673 |    571 |    102 |    171 |     41 |   1 |  673.0 |
               +--------+--------+--------+--------+--------+-----+--------+

Top non-repeatable levels by time:
       D: 673 daAuts
